 Dungeon Crawl Stone Soup version 0.21.1-1-g345015f (webtiles) character file.

364 letownia2 the Poker (level 6, 37/44 (47) HPs)
             Began as a Merfolk Skald on Feb 13, 2018.
             Was a Follower of Cheibriados.
             Quit the game on level 6 of the Dungeon.
             The game lasted 00:10:05 (1586 turns).

letownia2 the Poker (Merfolk Skald)                 Turns: 1586, Time: 00:10:06

HP:   37/44 (47)    AC:  3    Str: 15    XL:     6   Next: 67%
MP:   9/9           EV: 14    Int: 16    God:    Cheibriados [*.....]
Gold: 181           SH:  0    Dex: 16    Spells: 1/9 levels left

rFire    + . .     SeeInvis .   w - +12 dagger "Qurgh" {pain, rF+ Int+2}
rCold    . . .     Gourm    .   (no shield)
rNeg     . . .     Faith    .   b - +0 leather armour
rPois    .         Spirit   .   (no helmet)
rElec    .         Reflect  .   (no cloak)
rCorr    .         Harm     .   (no gloves)
MR       .....                  (no boots)
Stlth    +.........             e - amulet of regeneration
HPRegen  0.54/turn              (no ring)
MPRegen  0.11/turn              (no ring)

@: very slow
A: change form in water, swift swim, stealthy swim
a: Bend Time, Renounce Religion


You were on level 6 of the Dungeon.
You worshipped Cheibriados.
Cheibriados was aware of your devotion.
You were hungry.

You visited 2 branches of the dungeon, and saw 7 of its levels.

You collected 181 gold pieces.

Inventory:

Hand Weapons
 a - a +0 spear
 m - a +1 mace of protection
 w - the +12 dagger "Qurgh" (weapon) {pain, rF+ Int+2}
   (You found it on level 4 of the Dungeon)

   In the hands of one skilled in necromantic magic, it inflicts extra damage on
   living creatures.
   It affects your intelligence (+2).
   It protects you from fire.
Armour
 b - a +0 leather armour (worn)
 f - a +0 ring mail
 n - a +0 ring mail of cold resistance
 r - a +2 buckler
 u - a +3 ring mail
Jewellery
 e - an amulet of regeneration (around neck)
 j - an uncursed ring of ice
Scrolls
 h - 3 scrolls of teleportation {unknown}
 i - 2 scrolls of identify {unknown}
 k - a scroll of fog {unknown}
 l - a scroll of fear {unknown}
 s - a scroll of magic mapping {unknown}
 t - 2 scrolls of remove curse {unknown}
Potions
 g - 2 potions of degeneration {unknown}
 o - 2 potions of brilliance {unknown}
 p - a potion of cancellation {unknown}
 q - 2 potions of curing {unknown}
 v - a potion of mutation {unknown}
Books
 c - a book of Battle

   Spells                             Type                      Level
   a - Infusion                       Charms                       1
   b - Shroud of Golubria             Charms/Translocation         2
   c - Song of Slaying                Charms                       2
   d - Spectral Weapon                Hexes/Charms                 3
   e - Regeneration                   Charms/Necromancy            3
Comestibles
 d - 7 rations


   Skills:
 + Level 3.2 Fighting
 - Level 6.1 Polearms
 + Level 1.6 Armour
 + Level 4.8 Dodging
 - Level 2.0 Spellcasting
 + Level 4.2 Charms
 - Level 1.2 Translocations


You had one spell level left.
You knew the following spells:

 Your Spells              Type           Power        Failure   Level  Hunger
a - Infusion              Chrm           ###.         4%          1    #......
l - Song of Slaying       Chrm           ###.....     7%          2    ###....
t - Shroud of Golubria    Chrm/Tloc      ##........   12%         2    ###....
x - Spectral Weapon       Hex/Chrm       #.......     32%         3    ###....


Dungeon Overview and Level Annotations

Branches:
Dungeon (6/15)             Temple (1/1) D:4

Altars:
Ashenzari
Cheibriados
Elyvilon
Gozag
Hepliaklqana
Kikubaaqudgha
Makhleb
Okawaru
Qazlal
Ru
Sif Muna
Trog
Uskayaw
Vehumet
Xom
Yredelemnul
Zin
The Shining One


Message History

Your shroud unravels.
Found a runed ring mail.
Your magical contamination has completely faded away.
You now have 181 gold pieces (gained 11).
You see here a runed ring mail.
u - a runed ring mail You hear the slow rusting of a very distant drain.
Casting: Shroud of Golubria
Confirm with . or Enter, or press ? or * to list all spells.
Space distorts slightly along a thin shroud covering your body.
Found a stone staircase leading down.
You feel your health improve.
There is a stone staircase leading down here.
Okay, then.
You open the door.
Your shroud begins to fray at the edges.
There is an open door here.
Your shroud unravels.
There is a stone staircase leading down here.
Are you sure you want to abandon this character and quit the game? (Confirm with "yes".)

#... ... #..
#.. #.## # #..
###.#
#.###....###
#@..'.......
#.###....##.
#.# ###.# #.# #
...####.######.
...............
..#####.#######
#..........
#.#.#######


There were no monsters in sight!

Vanquished Creatures
  A necrophage (D:6)
  A bullfrog zombie (D:6)
  A quasit (D:6)
  2 hounds (D:4)
  An iguana (D:4)
  3 gnolls (D:4)
  2 adders
  2 shadow imps
  An ooze (D:4)
  A dart slug (D:4)
  3 leopard geckos
  5 orcs (D:4)
  2 giant cockroaches
  2 goblins (D:2)
  3 hobgoblins (D:1)
  6 jackals
  6 kobolds
  4 quokkas
  A ball python skeleton (D:4)
  5 bats
  5 frilled lizards
  A quokka skeleton (D:6)
  5 rats
63 creatures vanquished.

Notes
Turn   | Place    | Note
-------+----------+-------------------------------------------
     0 | D:1      | letownia2 the Merfolk Skald began the quest for the Orb.
     0 | D:1      | Reached XP level 1. HP: 16/16 MP: 3/3
   112 | D:1      | Reached XP level 2. HP: 21/22 MP: 5/5
   142 | D:1      | Learned a level 2 spell: Shroud of Golubria
   203 | D:1      | Learned a level 2 spell: Song of Slaying
   267 | D:2      | Reached skill level 4 in Polearms
   267 | D:2      | Reached XP level 3. HP: 20/27 MP: 0/6
   521 | D:2      | Found a shattered altar of Ashenzari.
   675 | D:3      | Reached skill level 5 in Polearms
   815 | D:4      | Reached XP level 4. HP: 33/33 MP: 4/7
   921 | D:4      | Reached skill level 1 in Translocations
   953 | D:4      | Reached skill level 6 in Polearms
   953 | D:4      | Reached XP level 5. HP: 19/38 MP: 0/8
   966 | D:4      | Learned a level 3 spell: Spectral Weapon
  1089 | D:4      | Found a staircase to the Ecumenical Temple.
  1095 | Temple   | Entered the Ecumenical Temple
  1199 | Temple   | Became a worshipper of Cheibriados the Contemplative
  1237 | D:4      | Found a hide-covered altar of Uskayaw.
  1316 | D:4      | Got a pitted dagger
  1319 | D:4      | Identified the +12 dagger "Qurgh" {pain, rF+ Int+2} (You found it on level 4 of the Dungeon)
  1362 | D:4      | Reached skill level 1 in Armour
  1377 | D:5      | Entered Level 5 of the Dungeon
  1507 | D:6      | Noticed a necrophage
  1509 | D:6      | Reached XP level 6. HP: 46/46 MP: 6/9
  1514 | D:6      | Reached * piety under Cheibriados
  1527 | D:6      | Killed a necrophage
  1586 | D:6      | Quit the game

Skill      XL: |  1  2  3  4  5  6 |
---------------+-------------------+-----
Dodging        | 3 4 |  4.8
Polearms       | 4 5 6 |  6.1
Translocations | 1 |  1.2
Armour         | 1 |  1.6
Charms         | 4 |  4.2
Fighting       | 3 |  3.2
Spellcasting   | |  2.0

Action                   |  1- 3 |  4- 6 || total
-------------------------+-------+-------++-------
Melee: Spear             |   161 |   113 ||   274
       Dagger            |       |    43 ||    43
 Cast: Infusion          |     3 |       ||     3
       Shroud of Golubri |    14 |    18 ||    32
 Stab: Sleeping          |     1 |       ||     1
  Eat: Chunk             |     1 |     4 ||     5
Armor: Leather armour    |    38 |    24 ||    62
Dodge: Dodged            |   121 |    85 ||   206
